Map: Frost LE

Players

Miszu - Winner!

  • Race: Terran Terran

lapinou

  • Race: Zerg Zerg
  • League: Master

VOD

Have the link to the VOD?

Description

Time

  • Played on: June 20, 2016, 9:14 a.m.
  • Length: 10:58
Show
View Real Time Build Order
Export as new Build Order

Miszu Terran - Winner!

Build Orders: Reaper Expand, MMM Bio 

Get SALT Encoding   

  12  0:01  SCV  
  13  0:13  SCV  
  14  0:19  Supply Depot  
  14  0:25  SCV  
  15  0:41  SCV  
  15  0:42  Barracks  
  16  0:44  Refinery  
  16  0:53  SCV  
  17  1:05  SCV  
  18  1:17  SCV  
  19  1:30  Reaper  
  19  1:32  Orbital Command  
  20  1:45  Command Center  
  20  1:57  SCV  
  21  2:02  Marine  
  21  2:05  Supply Depot  
  22  2:11  Factory  
  22  2:12  SCV  
  23  2:27  Barracks Reactor, SCV  
  24  2:39  SCV  
  23  2:50  Command Center  
  23  2:51  SCV  
  23  3:03  SCV  
  23  3:05  Command Center  
  24  3:16  SCV  
  24  3:18  Barracks Tech Lab  
  25  3:21  Hellion x2  
  29  3:27  Supply Depot  
  29  3:28  SCV  
  31  3:43  SCV  
  31  3:52  Factory Reactor  
  31  3:55  Barracks, SCV  
  32  3:57  Barracks  
  32  3:58  Marine  
  34  4:03  Orbital Command  
  34  4:05  Refinery  
  34  4:07  SCV  
  34  4:19  SCV  
  34  4:21  Marine  
  36  4:28  Engineering Bay  
  36  4:29  Engineering Bay  
  37  4:31  SCV  
  37  4:34  Orbital Command  
  37  4:43  SCV  
  38  4:47  Refinery x2, Factory Reactor  
  38  4:54  Stimpack  
  38  4:55  SCV  
  39  5:01  SCV  
  39  5:04  Orbital Command  
  40  5:07  SCV  
  40  5:10  Terran Infantry Weapons Level 1, Terran Infantry Armor Level 1  
  40  5:12  Starport  
  40  5:14  Marine x2  
  41  5:16  Marine x3  
  41  5:19  SCV  
  41  5:20  SCV  
  48  5:26  Supply Depot  
  48  5:31  SCV  
  48  5:32  Marine, SCV  
  48  5:34  Marine x2  
  48  5:35  SCV  
  54  5:41  Factory Tech Lab  
  56  5:43  Marauder, SCV  
  56  5:44  SCV  
  56  5:46  Bunker  
  58  5:53  SCV  
  58  5:54  Marine  
  58  5:55  Marine, SCV  
  58  5:56  Marine x2, SCV  
  65  6:01  Medivac  
  65  6:03  Medivac  
  69  6:05  SCV  
  69  6:10  SCV  
  71  6:11  Armory  
  71  6:12  Marine  
  71  6:15  SCV  
  71  6:16  Marine  
  71  6:17  Marine x2  
  75  6:19  SCV  
  76  6:26  SCV  
  69  6:34  SCV  
  69  6:35  SCV  
  69  6:37  Siege Tank  
  69  6:38  Medivac, SCV  
  74  6:44  Supply Depot  
  74  6:46  SCV  
  74  6:47  Supply Depot, SCV  
  76  6:51  Barracks  
  76  6:53  Barracks  
  76  7:03  Marine  
  76  7:05  Marine x3  
  76  7:06  Marauder, SCV x2  
  76  7:07  SCV  
  85  7:17  Supply Depot  
  85  7:18  Supply Depot, SCV  
  85  7:20  Marine  
  87  7:23  Marine x3  
  87  7:28  Marauder, SCV  
  87  7:29  Terran Infantry Armor Level 2  
  93  7:30  Terran Infantry Weapons Level 2  
  93  7:37  Refinery  
  93  7:38  Marine, SCV x2  
  93  7:40  SCV  
  93  7:41  Marine  
  93  7:44  Marine x2  
  99  7:45  Barracks Reactor  
  99  7:46  Barracks Reactor  
  99  7:50  SCV  
  101  7:51  Barracks  
  101  7:53  Barracks x2  
  101  7:56  SCV  
  101  7:57  SCV  
  101  7:58  Supply Depot  
  96  8:00  Supply Depot  
  96  8:01  Marine x2  
  98  8:08  Marine x2  
  98  8:10  Marauder  
  98  8:12  Combat Shields  
  102  8:15  Medivac x2  
  106  8:21  Marine x2  
  106  8:26  Supply Depot, SCV  
  111  8:29  Supply Depot, Marine x6  
  111  8:32  Marauder  
  117  8:38  Marine  
  117  8:41  Marine  
  119  8:42  Barracks Tech Lab x3  
  119  8:43  SCV  
  119  8:45  Medivac  
  119  8:47  Bunker  
  119  8:53  Marauder  
  119  8:55  Supply Depot  
  118  8:56  Marine  
  118  8:57  Marine x6  
  118  8:59  Marine  
  126  9:04  Marine, Marauder  
  126  9:06  Marauder  
  131  9:13  Concussive Shells  
  131  9:14  Marine x2, Marauder  
  131  9:15  Marine x3  
  138  9:17  Command Center  
  138  9:23  Supply Depot  
  138  9:24  Supply Depot  
  138  9:27  Marine, Marauder x2  
  143  9:35  Marine, Marauder  
  143  9:36  Marine x3  
  149  9:44  Marine x5, Medivac  
  149  9:45  SCV  
  157  9:48  Marauder  
  154  9:55  Marauder  
  154  10:01  Marine  
  154  10:02  Marine x6, Marauder  
  155  10:12  Marine  
  155  10:13  Viking, Marine, Marauder  
  146  10:14  Medivac  
  146  10:16  Marine  
  146  10:19  Marine x2  
  151  10:25  Marine, Marauder  
  151  10:26  Marine  
  155  10:31  Marauder  
  155  10:34  Marauder  
Show
View Real Time Build Order
Export as new Build Order

lapinou Zerg 

Build Orders: Pool First 

Get SALT Encoding   

  12  0:20  Spawning Pool  
  11  0:22  Drone  
  11  0:27  Drone  
  13  0:33  Drone  
  14  0:42  Overlord  
  14  1:07  Zergling x6  
  17  1:19  Zergling x2  
  18  1:25  Hatchery  
  17  1:42  Drone x2  
  19  1:53  Queen, Drone  
  22  2:08  Overlord  
  22  2:20  Drone  
  22  2:29  Queen  
  24  2:38  Hatchery  
  24  2:43  Drone  
  24  2:47  Drone  
  25  2:55  Drone x3  
  27  3:04  Drone x2  
  29  3:07  Drone  
  29  3:10  Drone  
  30  3:13  Drone  
  30  3:18  Drone x2  
  33  3:24  Queen  
  34  3:28  Drone  
  34  3:32  Overlord  
  35  3:37  Extractor x2  
  35  3:40  Drone x2  
  35  3:43  Overlord  
  35  3:50  Drone x3  
  35  3:51  Drone  
  39  4:07  Drone x4  
  43  4:12  Roach Warren  
  43  4:13  Drone x2  
  43  4:15  Extractor, Drone x2  
  43  4:17  Drone  
  46  4:22  Overlord  
  46  4:27  Drone  
  46  4:28  Drone, Evolution Chamber  
  47  4:33  Queen  
  49  4:41  Overlord  
  49  4:55  Roach  
  49  4:56  Roach x5  
  49  4:58  Roach, Drone x2  
  63  5:00  Drone  
  63  5:02  Drone  
  63  5:05  Zerg Missile Weapons Level 1  
  65  5:07  Drone  
  65  5:08  Drone  
  67  5:14  Metabolic Boost  
  67  5:16  Ravager  
  67  5:20  Spore Crawler  
  66  5:22  Spore Crawler  
  66  5:23  Drone  
  66  5:25  Drone x2  
  66  5:26  Drone  
  66  5:27  Spore Crawler  
  67  5:29  Drone x2  
  67  5:32  Drone x2  
  67  5:35  Drone x2  
  73  5:40  Overlord  
  73  5:47  Extractor  
  72  5:50  Lair, Evolution Chamber x2  
  72  5:51  Drone  
  72  5:52  Drone  
  72  5:54  Drone  
  73  6:00  Drone  
  73  6:01  Drone x4  
  73  6:02  Drone  
  79  6:08  Burrow  
  79  6:11  Baneling Nest  
  79  6:22  Drone x2  
  79  6:24  Extractor  
  79  6:25  Overlord x3, Extractor  
  79  6:26  Overlord  
  79  6:32  Zerg Ground Armor Level 1  
  67  6:45  Drone x4  
  67  6:46  Drone  
  72  6:48  Glial Reconstitution  
  72  6:51  Hatchery  
  72  6:52  Drone x3  
  74  6:55  Centrifical Hooks  
  74  6:58  Spire  
  73  7:01  Zergling x2  
  73  7:02  Zergling x14  
  73  7:07  Zergling x2  
  73  7:08  Zergling x8  
  86  7:14  Pneumatized Carapace  
  86  7:18  Zerg Melee Weapons Level 1  
  86  7:19  Zergling x8  
  86  7:20  Zergling x2  
  91  7:30  Zergling x6  
  91  7:31  Zergling x6  
  96  7:41  Zergling x2  
  96  7:42  Zergling x12  
  103  7:47  Drone  
  104  7:55  Drone x2  
  105  8:00  Overlord x3  
  105  8:01  Overlord  
  105  8:07  Infestation Pit  
  105  8:09  Zergling x14  
  105  8:12  Overlord x3  
  111  8:14  Zerg Flyer Armor Level 1  
  111  8:20  Spore Crawler  
  110  8:28  Corruptor x5  
  110  8:30  Zerg Ground Armor Level 2  
  120  8:35  Drone x2  
  120  8:36  Drone x3  
  125  8:45  Roach  
  125  8:46  Roach x5  
  133  8:57  Baneling x5  
  133  8:58  Zergling x2  
  133  8:59  Zergling x16  
  133  9:00  Zergling x2  
  133  9:02  Baneling  
  142  9:03  Baneling x5  
  142  9:04  Baneling  
  142  9:08  Corruptor  
  144  9:21  Zergling x14  
  144  9:22  Zergling x2  
  152  9:25  Drone  
  152  9:26  Drone x4  
  155  9:38  Zergling x14  
  156  9:39  Zergling x8  
  144  9:58  Zergling x6  
  138  10:02  Overseer  
  128  10:11  Zergling x2  
  128  10:12  Zergling x28  
  128  10:21  Baneling x5  
  128  10:24  Ravager  
  128  10:25  Ravager x2  
  128  10:26  Zergling x8  
  135  10:30  Zergling x2  
  135  10:31  Zergling x4  
Tags
 
Composition
MMM Bio
League
Master
Matchup
TvZ
Player
Miszu
Add a new tag
Caveats
  • Supply blocks, unpowered buildings, or Contaminate may cause inaccurate times.
  • Supply counts are checked every 10 seconds.